 Dungeon Sprint DCSS version 0.22-a0-374-g5dfd9e3 (webtiles) character file.

123 Kidiri the Skirmisher (level 4, -1/39 HPs)
             Began as a Demonspawn Chaos Knight on Apr 26, 2018.
             Slain by a warg (6 damage)
             ... in the Dungeon (Sprint VII: "The Pits").
             The game lasted 00:02:16 (486 turns).

Kidiri the Skirmisher (Demonspawn Chaos Knight)      Turns: 486, Time: 00:02:17

Health: -1/39      AC: 14    Str: 18    XL:     4   Next: 79%
Magic:  4/4        EV:  8    Int: 14    God:    Xom [......]
Gold:   0          SH:  0    Dex: 12    Spells: 3/3 levels left

rFire    . . .     SeeInvis .   a - +0 falchion (chaos)
rCold    . . .     Gourm    .   (no shield)
rNeg     . . .     Faith    .   p - +3 chain mail
rPois    .         Spirit   .   (no helmet)
rElec    .         Reflect  .   (no cloak)
rCorr    .         Harm     .   (no gloves)
MR       .....     NoTele   +   (no boots)
Stlth    ..........             (no amulet)
HPRegen  0.13/turn              (no ring)
MPRegen  0.09/turn              (no ring)

@: mighty, berserk cooldown, slowed, very slow
A: hooves 1, icy blue scales 1, rot immunity
a: Renounce Religion


You were in the Dungeon.
You worshipped Xom.
You were a very special plaything of Xom.
You were not hungry.

You visited 1 branch

Inventory:

Hand Weapons
 a - a +0 falchion of chaos (weapon)
Missiles
 n - 10 stones (quivered)
Armour
 p - a +3 chain mail (worn)
Scrolls
 i - a scroll of blinking
 k - 3 scrolls of remove curse
 l - 5 scrolls of amnesia
 m - a scroll of summoning
Potions
 d - 6 potions of curing
 e - 6 potions of heal wounds
 f - a potion of haste
 g - 4 potions of magic
 h - 2 potions of berserk rage
 j - 2 potions of invisibility
Comestibles
 c - 9 rations
 o - a chunk of flesh


   Skills:
 * Level 5.2 Fighting
 * Level 4.7 Long Blades
 + Level 2.4 Throwing
 * Level 4.2 Armour
 * Level 3.8 Dodging
 + Level 2.7 Stealth


You had 3 spell levels left.
You didn't know any spells.

Dungeon Overview and Level Annotations

Branches:
Dungeon (1/1)

Altars:
Ashenzari
Cheibriados
Dithmenos
Elyvilon
Fedhas
Gozag
Hepliaklqana
Kikubaaqudgha
Makhleb
Nemelex Xobeh
Okawaru
Qazlal
Ru
Sif Muna
Trog
Uskayaw
Vehumet
Wu Jian
Xom
Yredelemnul
Zin
The Shining One
Beogh
Jiyva
Lugonu

Annotations:
D exclusion: 6 doors


Innate Abilities, Weirdness & Mutations

You have large cloven feet.
You are partially covered in icy blue scales. (AC +2)
You are immune to rotting.


Message History

The worker ant waves its antennae.
The warg bites you.
A gnoll comes into view. It is wielding a halberd.
The warg bites you! "Just a minor improvement..."
A door slams shut!
The warg bites you! The warg bites you! The warg bites you but does no damage.
You are no longer berserk.
You feel yourself slow down. The warg bites you!
You emit a cloud of colourful smoke!
You turn to flesh and can move again.
You hit the warg. You freeze the warg. You kick the warg.
The warg is moderately wounded.
The warg barely misses you. The warg bites you!
* * * LOW HITPOINT WARNING * * *
You miss the warg.
The warg is moderately wounded.
The warg bites you.
You die...
Xom titters!

##########+##.....
#.?|.+)))+.##.....
##########.##.....
#.......†...'.....
#+#####+#####.....
#§#.....#..##.....
#§#.....#))#####+#
#§###+###))##.....
#@#.....#))##.....
#h#.....#[[##.....
#a####+##+###...<.
#g#........##.....
#g#........##.....
#g###########.....
#hJ.g...#,h ######
#gg.#J..#o * *
#...#J .#o


e You could see a warg, a gnoll sergeant, a wolf, a jelly, a worker ant and 4
gnolls.

Vanquished Creatures
  A necrophage (D)
  A worker ant (D)
  An ooze (D)
  An adder skeleton (D)
  A giant cockroach (D)
  2 quokkas (D)
  2 frilled lizards (D)
9 creatures vanquished.

Notes
Turn   | Place    | Note
-------+----------+-------------------------------------------
     0 | D        | Kidiri the Demonspawn Chaos Knight began the quest for the Orb.
     0 | D        | Reached XP level 1. HP: 18/18 MP: 1/1
    28 | D        | Reached skill level 1 in Dodging
    65 | D        | Found a bloodstained altar of Trog.
    65 | D        | Found a deep blue altar of Sif Muna.
    65 | D        | Found a viscous altar of Jiyva.
    65 | D        | Found a hazy altar of Hepliaklqana.
    65 | D        | Found an opulent altar of Gozag.
    66 | D        | Found a glowing golden altar of the Shining One.
    66 | D        | Found a glowing silver altar of Zin.
    66 | D        | Found a basalt altar of Yredelemnul.
    66 | D        | Found a shimmering altar of Xom.
    66 | D        | Found an ornate altar of the Wu Jian Council.
    66 | D        | Found a sacrificial altar of Ru.
    66 | D        | Found a stormy altar of Qazlal.
    66 | D        | Found an iron altar of Okawaru.
    66 | D        | Found a sparkling altar of Nemelex Xobeh.
    66 | D        | Found a burning altar of Makhleb.
    66 | D        | Found a blossoming altar of Fedhas.
    66 | D        | Found a white marble altar of Elyvilon.
    66 | D        | Found a shadowy altar of Dithmenos.
    66 | D        | Found a snail-covered altar of Cheibriados.
    68 | D        | Found a radiant altar of Vehumet.
    68 | D        | Found a corrupted altar of Lugonu.
    68 | D        | Found a roughly hewn altar of Beogh.
    69 | D        | Found a hide-covered altar of Uskayaw.
    69 | D        | Found an ancient bone altar of Kikubaaqudgha.
    69 | D        | Found a shattered altar of Ashenzari.
   217 | D        | Noticed a necrophage
   217 | D        | Noticed a worker ant
   223 | D        | XOM: potion effect (brilliance)
   231 | D        | Reached skill level 1 in Throwing
   231 | D        | Reached skill level 1 in Stealth
   231 | D        | Gained mutation: You are immune to rotting. [demonic ancestry]
   231 | D        | Reached XP level 2. HP: 22/24 MP: 2/2
   240 | D        | Killed a necrophage
   240 | D        | Reached skill level 4 in Fighting
   240 | D        | Gained mutation: You are partially covered in icy blue scales. (AC +2) [demonic ancestry]
   240 | D        | Reached XP level 3. HP: 31/32 MP: 3/3
   240 | D        | Gained mutation: You have large cloven feet. [demonic ancestry]
   240 | D        | Reached XP level 4. HP: 37/38 MP: 4/4
   246 | D        | XOM: divination: detect creatures
   257 | D        | Reached skill level 5 in Fighting
   307 | D        | XOM: divination: magic mapping
   466 | D        | Noticed a wolf
   467 | D        | Noticed a warg
   467 | D        | Noticed a gnoll sergeant
   470 | D        | XOM: potion effect (might)
   474 | D        | XOM: severe Erth miscast
   482 | D        | XOM: scenery: 1 doors close
   484 | D        | XOM: smoke on damage
   486 | D        | Slain by a warg

Vault maps used:
D:        pitsprint

Skill      XL: |  1  2  3  4 |
---------------+-------------+-----
Dodging        | 1 3 |  3.8
Long Blades    | 3 4 |  4.7
Armour         | 2 3 4 |  4.2
Throwing       | 1 2 |  2.4
Stealth        | 1 2 |  2.7
Fighting       | 4 5 |  5.2

Action                   |  1- 3 |  4- 6 || total
-------------------------+-------+-------++-------
Melee: Falchion          |    25 |     8 ||    33
       Kick              |       |     2 ||     2
  Use: Potion            |       |     1 ||     1
 Stab: Paralysed         |     4 |       ||     4
Armor: Leather armour    |     7 |       ||     7
       Chain mail        |       |     5 ||     5
Dodge: Dodged            |    17 |     8 ||    25
       Rpst.: Falchion   |     3 |     1 ||     4

Table legend:
 A = Spawn XP
 B = Non-spawn XP
 C = Spawn XP percentage of total XP
 D = Spawn monster count
 E = Non-spawn monster count
 F = Spawn count percentage of total count
 G = Total turns spent on level
                    A         B        C        D         E        F      G
               +---------+---------+-------+---------+---------+-------+---------
         Total |       0 |     176 |   0.0 |       0 |       9 |   0.0 |   486
               +---------+---------+-------+---------+---------+-------+---------
             D |       0 |     176 |   0.0 |       0 |       9 |   0.0 |   486
               +---------+---------+-------+---------+---------+-------+---------
